 Dungeon Crawl Stone Soup version 0.21.1-1-g345015f (webtiles) character file.

55 sking99 the Ruffian (level 3, -3/31 HPs)
             Began as a Naga Transmuter on June 22, 2018.
             Slain by olivier's ghost (8 damage)
             ... on level 3 of the Dungeon.
             The game lasted 00:08:28 (2568 turns).

sking99 the Ruffian (Naga Transmuter)               Turns: 2568, Time: 00:08:28

Health: -3/31      AC:  2    Str: 12    XL:     3   Next: 93%
Magic:  2/6        EV: 10    Int: 14    God:
Gold:   91         SH:  0    Dex: 11    Spells: 0/6 levels left

rFire    . . .     SeeInvis +     - Unarmed
rCold    . . .     Gourm    .   (no shield)
rNeg     . . .     Faith    .   b - +0 robe
rPois    +         Spirit   .   (no helmet)
rElec    .         Reflect  .   (no cloak)
rCorr    .         Harm     .   (no gloves)
MR       .....                  (no barding)
Stlth    +.........             (no amulet)
HPRegen  0.10/turn              (no ring)
MPRegen  0.10/turn              (no ring)

@: very slow
A: large, see invisible, deformed body, poison resistance, slowness 2, slow
metabolism 1, spit poison 1, AC +1
a: Spit Poison


You were on level 3 of the Dungeon.
You were not hungry.

You visited 1 branch of the dungeon, and saw 3 of its levels.

You collected 91 gold pieces.

Inventory:

Missiles
 a - 71 arrows
Armour
 b - a +0 robe (worn)
Jewellery
 n - a +3 ring of protection {unknown}
Scrolls
 i - 3 scrolls of identify {unknown}
 k - a scroll of enchant armour {unknown}
 l - a scroll of fear {unknown}
 m - a scroll of fog {unknown}
 p - a scroll of enchant weapon {unknown}
Potions
 e - a potion of heal wounds {unknown}
 f - a potion of resistance {unknown}
 g - 2 potions of might {unknown}
 h - a potion of ambrosia {unknown}
 j - a potion of curing {unknown}
 q - a potion of degeneration {unknown}
 r - a potion of flight {unknown}
Books
 c - a book of Changes

   Spells                             Type                      Level
   a - Beastly Appendage              Transmutation                1
   b - Sticks to Snakes               Transmutation                2
   c - Spider Form                    Transmutation/Poison         3
   d - Ice Form                       Ice/Transmutation            4
   e - Blade Hands                    Transmutation                5
Comestibles
 d - 3 rations


   Skills:
 - Level 1.0 Fighting
 - Level 1.5 Dodging
 + Level 4.0 Unarmed Combat
 - Level 2.0 Spellcasting
 * Level 2.9 Transmutations
 + Level 0.9 Poison Magic


You couldn't memorise any spells.
You knew the following spells:

 Your Spells              Type           Power        Failure   Level  Hunger
a - Spider Form           Tmut/Pois      #.........   32%         3    ####...
b - Sticks to Snakes      Tmut           #.......     11%         2    ###....
c - Beastly Appendage     Tmut           #.....       7%          1    ##.....


Dungeon Overview and Level Annotations

Branches:
Dungeon (3/15)

Altars:
Ashenzari

Annotations:
D:3 olivier's ghost, amateur HOFi


Innate Abilities, Weirdness & Mutations

You cannot wear boots.
Your serpentine skin is tough. (AC +1)
You have supernaturally acute eyesight. (SInv)
Armour fits poorly on your strangely shaped body.
Your system is resistant to poisons. (rPois)
You cover ground very slowly.
You have a slow metabolism.
You can spit poison.


Message History

You see here a dagger.
Your transformation is almost over.
All of the chunks of flesh in your inventory have rotted away.
Your transformation has ended.
Your +0 robe unmelds from your body.
Olivier's ghost closely misses you.
Casting: Spider Form
Confirm with . or Enter, or press ? or * to list all spells.
You turn into a venomous arachnid creature.
Your +0 robe melds into your body.
Olivier's ghost closely misses you.
Your transformation is almost over.
Your transformation has ended.
Your +0 robe unmelds from your body.
Olivier's ghost barely misses you. Olivier's ghost hits you!
Olivier's ghost closely misses you. Olivier's ghost hits you!
Olivier's ghost hits you.
* * * LOW HITPOINT WARNING * * *
Olivier's ghost hits you!
You die...

######### #### #####
#...##... ...# ##...##
### ###...##.## ##.#
#..#..###.###........##
##.####
#.###.@......<.........
......#
#..#.W###.###........##
##.##.# ##...## ###
##....##.## #.##.#
##.## ##...##... #.##.#
#.# #.####### #.##.#
#.# #.# ##.##.# #.#
##+## ......# #.#
##...## ##.####
###.#### ##.....##


You could see olivier's ghost.

Vanquished Creatures
  An adder (D:3)
  2 dart slugs (D:1)
  A leopard gecko (D:1)
  An orc (D:3)
  A ball python (D:2)
  2 giant cockroaches (D:1)
  3 goblins (D:1)
  7 hobgoblins
  4 jackals (D:3)
  4 bats
  A frilled lizard (D:1)
  6 kobolds
  3 rats
36 creatures vanquished.

Notes
Turn   | Place    | Note
-------+----------+-------------------------------------------
     0 | D:1      | sking99 the Naga Transmuter began the quest for the Orb.
     0 | D:1      | Reached XP level 1. HP: 18/18 MP: 3/3
   281 | D:1      | Reached XP level 2. HP: 23/25 MP: 5/5
   321 | D:1      | Learned a level 2 spell: Sticks to Snakes
   858 | D:1      | Reached XP level 3. HP: 28/31 MP: 6/6
  1215 | D:1      | Found a shattered altar of Ashenzari.
  1532 | D:2      | Learned a level 3 spell: Spider Form
  2037 | D:3      | Reached skill level 4 in Unarmed Combat
  2513 | D:3      | Noticed olivier's ghost (amateur HOFi)
  2568 | D:3      | Slain by olivier's ghost

Skill      XL: |  1  2  3 |
---------------+----------+-----
Unarmed Combat | 4 |  4.0
Fighting       | |  1.0
Dodging        | |  1.5
Spellcasting   | |  2.0
Transmutations | |  2.9
Poison Magic   | |  0.9

Action                   || total
-------------------------++-------
Melee: Unarmed           ||   138
       Punch             ||     1
       Headbutt          ||     1
 Cast: Beastly Appendage ||     2
       Spider Form       ||     6
 Abil: Spit Poison       ||     8
  Eat: Chunk             ||     5
Armor: Robe              ||    15
       Skin              ||     2
Dodge: Dodged            ||    76
